AoeStats
← KootH.

QS Arena

503732001Analyzed
4v4 RM · 1mo ago on Sep 2, 2026· 37m 50s· 8 players
Game mode
Random Map
Map size
Large (8 player)
Population
200
Speed
Normal
Resources
Standard
Victory
Conquest
Starting age
Dark Age
Ending age
Imperial Age
RankedLock teamsTeams togetherTeam positionsShared explorationLock speedFull tech treeHidden civsTurbo modeCheats
Victory
Defeat
🇦🇷 Bohemians · Argentina
1565
+14
🇦🇷 Koreans · Argentina
1453
+20
🇦🇷 Khmer · Argentina
1448
+20
🇦🇷 Malay · Argentina
1447
+20
🇨🇴 Magyars · Colombia
1545
-19
🇺🇸 Persians · United States
1544
-19
🇦🇷 Lithuanians · Argentina
1536
-19
🇺🇸 Cumans · United States
1500
-17
The Bloody-Nine
6:47 Feudal Age
8:44 Double-Bit Axe
9:24 Horse Collar
15:05 Wheelbarrow
18:20 Castle Age
16:09 Loom
18:01 Fletching
18:11 Padded Archer Armor
18:42 Gold Mining
18:24 Elite Skirmisher
19:01 Bodkin Arrow
19:49 Leather Archer Armor
19:44 Heavy Plow
19:58 Bow Saw
22:02 Ballistics
23:30 Town Watch
24:09 Stone Mining
24:58 Hand Cart
29:15 Imperial Age
28:45 Gold Shaft Mining
28:56 Ballistics
29:34 Masonry
31:01 Ring Archer Armor
31:33 Chemistry
30:06 Capped Ram
31:20 Conscription
30:54 Crossbowman
32:04 Siege Ram
33:48 Crossbowman
ila
8:09 Feudal Age
9:37 Double-Bit Axe
11:53 Castle Age
10:00 Horse Collar
12:37 Bow Saw
12:29 Heavy Plow
18:27 Wheelbarrow
18:36 Stone Mining
19:59 Loom
20:57 Scale Barding Armor
21:24 Forging
23:34 Husbandry
24:42 Chain Barding Armor
25:47 Bloodlines
27:51 Iron Casting
27:16 Gold Mining
29:07 Fletching
33:02 Imperial Age
30:46 Bodkin Arrow
32:09 Gold Shaft Mining
32:04 Hand Cart
31:35 Town Watch
33:27 Masonry
33:57 Plate Barding Armor
33:43 Conscription
35:00 Blast Furnace
34:08 Elite War Elephant
35:38 Devotion
37:29 Stone Shaft Mining
38:08 Two-Man Saw
KootH.
7:33 Feudal Age
11:30 Castle Age
9:41 Double-Bit Axe
10:16 Horse Collar
12:27 Bow Saw
18:03 Scale Barding Armor
20:19 Heavy Plow
21:02 Wheelbarrow
24:31 Loom
26:04 Hand Cart
30:09 Imperial Age
28:04 Husbandry
29:40 Bloodlines
29:49 Light Cavalry
31:28 Chain Barding Armor
32:12 Man-at-Arms
32:12 Pikeman
33:03 Scale Mail Armor
33:02 Long Swordsman
34:13 Chain Mail Armor
33:50 Two-Handed Swordsman
35:07 Cavalier
FeR
6:57 Feudal Age
10:41 Castle Age
8:50 Double-Bit Axe
9:13 Horse Collar
15:43 Bow Saw
15:58 Heavy Plow
16:54 Fervor
19:30 Wheelbarrow
18:55 Loom
19:03 Gold Mining
22:05 Scale Barding Armor
29:24 Fortified Wall
30:33 Padded Archer Armor
30:27 Fletching
33:40 Imperial Age
31:44 Bodkin Arrow
32:06 Padded Archer Armor
32:34 Ballistics
32:17 Elite Skirmisher
33:31 Hand Cart
34:49 Conscription
34:40 Bracer
34:04 Crossbowman
35:27 Leather Archer Armor
37:00 Ring Archer Armor
37:51 Tower Shields
39:23 Chemistry
Sevastokrator
8:32 Feudal Age
11:44 Castle Age
10:16 Double-Bit Axe
13:22 Bow Saw
12:54 Horse Collar
14:37 Loom
22:14 Wheelbarrow
22:00 Heavy Plow
21:52 Gold Mining
24:30 Gold Shaft Mining
27:04 Imperial Age
23:57 Pikeman
26:00 Scale Mail Armor
26:45 Forging
27:54 Chain Mail Armor
27:20 Halberdier
28:50 Iron Casting
29:42 Double Crossbow
30:18 Stone Mining
29:56 Capped Ram
32:02 Blast Furnace
31:55 Heavy Scorpion
32:06 Siege Ram
33:34 Conscription
34:03 Siege Engineers
35:03 Padded Archer Armor
34:54 Fletching
35:32 Ballistics
36:21 Tusk Swords
38:22 Scale Barding Armor
37:44 Elite Ballista Elephant
luch0_ta
7:30 Feudal Age
12:02 Wheelbarrow
14:22 Castle Age
12:59 Double-Bit Axe
13:07 Horse Collar
16:03 Wheelbarrow
15:48 Bow Saw
19:41 Fletching
20:45 Bodkin Arrow
24:11 Wheelbarrow
28:52 Heavy Plow
34:45 Imperial Age
32:02 Loom
35:01 Stone Mining
35:57 Bracer
36:13 Scale Barding Armor
37:18 Chemistry
36:17 Light Cavalry
37:13 Forging
Jjota
9:36 Feudal Age
12:42 Castle Age
11:05 Double-Bit Axe
14:43 Loom
18:13 Forging
34:01 Imperial Age
32:08 Wheelbarrow
34:00 Redemption
34:27 Illumination
35:50 Scale Barding Armor
36:21 Iron Casting
36:09 Conscription
36:56 Elite Battle Elephant
37:38 Husbandry
pela
8:24 Feudal Age
8:41 Loom
12:01 Castle Age
12:13 Double-Bit Axe
12:11 Horse Collar
14:13 Fervor
19:15 Wheelbarrow
19:34 Bow Saw
21:35 Loom
21:39 Town Watch
22:10 Hand Cart
26:34 Imperial Age
25:36 Chemistry
26:18 Scale Barding Armor
26:13 Scale Mail Armor
26:25 Forging
25:39 Pikeman
26:19 Squires
26:05 Arson
27:14 Chain Mail Armor
26:47 Houfnice
28:29 Iron Casting
29:47 Plate Mail Armor
29:01 Man-at-Arms
29:33 Halberdier
29:43 Halberdier
31:27 Long Swordsman
32:14 Two-Handed Swordsman
34:04 Blast Furnace
34:05 Ballistics
35:56 Champion
Connection lost

Rejoining the realm…

Still unreachable

The connection could not be restored.

Session expired

The server has moved on; the page needs a fresh start.